 Dungeon Crawl Stone Soup version 0.30-a0-52-g86a8295270 (webtiles) character file.

Game seed: 13424690827504195097

9 drugrobin the Sneak (level 1, 0/18 HPs)
             Began as a Demigod Delver on Sept 6, 2022.
             Slain by a hobgoblin
             ... wielding a +0 quarterstaff
              (9 damage)
             ... on level 4 of the Dungeon.
             The game lasted 00:01:55 (655 turns).

drugrobin the Sneak (Demigod Delver)                 Turns: 655, Time: 00:01:56

Health: 0/18       AC:  3    Str: 13    XL:     1   Next: 93%
Magic:  3/3        EV: 11    Int: 12    God:
Gold:   71         SH:  0    Dex: 15    Spells: 0/0 levels left

rFire   . . .      SeeInvis .    a - +0 short sword
rCold   . . .      Faith    .    (no shield)
rNeg    . . .      Spirit   .    b - +0 leather armour
rPois   .          Reflect  .    (no helmet)
rElec   .          Harm     .    (no cloak)
rCorr   .          Rampage  .    (no gloves)
Will    .....                    (no boots)
Stlth   +++.......               (no amulet)
HPRegen 0.06/turn                (no ring)
MPRegen 0.08/turn                (no ring)

@: no status effects
A: high MP 1, forlorn, divine attributes
a: no special abilities


You were on level 4 of the Dungeon.
You visited 1 branch of the dungeon, and saw 2 of its levels.

You collected 71 gold pieces.

Inventory:

Hand Weapons
 a - a +0 short sword (weapon)
Missiles
 e - 7 stones
 i - 3 javelins
 o - 2 boomerangs (quivered)
Armour
 b - a +0 leather armour (worn)
 m - a +0 chain mail
Wands
 g - a wand of digging (3)
Scrolls
 c - a scroll of fog
 d - a scroll of magic mapping
 j - a scroll of enchant armour {unknown}
 l - a scroll of vulnerability {unknown}
 n - a scroll of amnesia {unknown}
Potions
 f - a potion of haste
 h - 2 potions of lignification {unknown}
 k - a potion of mutation {unknown}


   Skills:
 - Level 2.6 Fighting
 * Level 2.5 Short Blades
 - Level 1.7 Dodging
 - Level 4.5 Stealth


You couldn't memorise any spells.
You didn't know any spells.
Your spell library was empty.

Dungeon Overview and Level Annotations

Branches:
Dungeon (5/15)
 Temple: D:4-7

Annotations:
D:5 Pikel


Innate Abilities, Weirdness & Mutations

You have an increased reservoir of magic. (+10% MP)
You shall have no god before yourself.
Your divine heritage dramatically boosts your attributes as you level up.


Message History

Throw: 2 boomerangs
Press: ? - help, Shift-Dir - straight line, f - ball python
Aim: a ball python (55% to hit)
You throw a boomerang. The boomerang hits the ball python.
You kill the ball python!
The hobgoblin throws a stone.
The stone hits you.
Unknown command.
Unknown command.
You are now empty-handed.
a - a +0 short sword (weapon)
The hobgoblin throws a stone.
The stone barely misses you.
You are now empty-handed.
a - a +0 short sword (weapon)
You are now empty-handed.
a - a +0 short sword (weapon)
Unknown command.
Unknown command.
Throw: 2 boomerangs
Press: ? - help, Q - select action, (/) - cycle Shift-Dir - straight line, f - hobgoblin
Aim: a hobgoblin, wielding a +0 quarterstaff, wearing a +0 ring mail and quivering stones (63% to hit)
You throw a boomerang. The boomerang hits the hobgoblin.
The hobgoblin is moderately wounded.
The hobgoblin throws a stone.
The stone hits you.
You hit the hobgoblin.
The hobgoblin is heavily wounded.
The hobgoblin hits you with a +0 quarterstaff!
You hit the hobgoblin but do no damage.
The hobgoblin is heavily wounded.
The hobgoblin hits you but does no damage.
You hit the hobgoblin but do no damage.
The hobgoblin is heavily wounded.
The hobgoblin closely misses you.
You hit the hobgoblin but do no damage.
The hobgoblin is moderately wounded.
The hobgoblin hits you but does no damage.
You hit the hobgoblin.
The hobgoblin is severely wounded.
The hobgoblin hits you with a +0 quarterstaff!
Ouch! That really hurt!
You die...

#....## ###..#
#.......... .#
.......... # ..........
..# #........# #.#
##........# #.#
#.......... #.#
#.......... #### #.#
#..@g...... ...# #.#
#.......... ##.####
#.####..........
#....###.#...#....†...#
####.........##......##
#####.....#########
###...# #...# #####


You could see a hobgoblin.

Vanquished Creatures
  3 goblins (D:4)
  2 hobgoblins (D:4)
  A quokka (D:5)
  A ball python (D:4)
  A kobold (D:4)
8 creatures vanquished.

Notes
Turn   | Place    | Note
-------+----------+-------------------------------------------
     0 | D:5      | drugrobin the Demigod Delver began the quest for the Orb.
     0 | D:5      | Reached XP level 1. HP: 18/18 MP: 3/3
     0 | D:5      | Upgraded the game from 0.30-a0-51-g784eafce7f to
                  | 0.30-a0-52-g86a8295270
    94 | D:5      | Noticed Pikel
   221 | D:5      | Noticed a hound
   655 | D:4      | Slain by a hobgoblin

Illustrated notes

Levels and vault maps discovered:
D:4:      layout_rooms, minmay_goblin_kobold_house
D:5:      layout_loops_corners, grunt_decor_mini_mirrors, glass_columns_c,
          uniq_pikel

Skill      XL: |  1 |
---------------+----+-----
Short Blades   | 2 |  2.5
Fighting       | |  2.6
Dodging        | |  1.7
Stealth        | |  4.5

Action                   || total
-------------------------++-------
Melee: Short sword       ||    30
       Punch             ||     1
Throw: Boomerang         ||     2
       Stone             ||     1
  Use: Scroll            ||     1
Armor: Leather armour    ||     5
Dodge: Dodged            ||    25

Table legend: (Time is in decaauts)
 A = Elapsed time spent in this place.
 B = Non-inter-level travel time spent in this place.
 C = Inter-level travel time spent in this place.
 D = Time resting spent in this place.
 E = Time spent auto-exploring this place.
 F = Levels seen in this place.
 G = Mean time per level.
                   A        B        C        D        E       F      G
               +--------+--------+--------+--------+--------+-----+--------+
         Total |    651 |    651 |      0 |    249 |    162 |   2 |  325.5 |
       Dungeon |    651 |    651 |      0 |    249 |    162 |   2 |  325.5 |
               +--------+--------+--------+--------+--------+-----+--------+

Top non-repeatable levels by time:
     D:4: 365 daAuts
     D:5: 286 daAuts
